 Dungeon Crawl Stone Soup version 0.26.1-2-gb8aa6d0cf2 (webtiles) character file.

Game seed: 16896031352163410747

81181 nightchill the Brawler (level 15, -4/136 HPs)
             Began as a Ghoul Warper on Mar 19, 2021.
             Was an Elder of Cheibriados.
             Slain by an alligator (19 damage)
             ... led by an alligator
             ... on level 1 of the Swamp.
             The game lasted 01:33:22 (31593 turns).

nightchill the Brawler (Ghoul Warper)              Turns: 31593, Time: 01:33:22

Health: -4/136     AC: 15    Str: 35    XL:     15   Next: 69%
Magic:  14/32      EV:  9    Int: 18    God:    Cheibriados [****..]
Gold:   344        SH: 14    Dex: 18    Spells: 5/17 levels left

rFire    + . .     SeeInvis +     - Unarmed
rCold    + . .     Faith    .   K - +0 kite shield
rNeg     + + +     Spirit   .   Z - +1 chain mail {rF+}
rPois    ∞         Reflect  .   Q - +2 hat {SInv}
rElec    .         Harm     .   k - +0 cloak
rCorr    .         Rampage  .   (no gloves)
Will     ++...                  W - +2 pair of boots
Stlth    ..........             X - amulet of the acrobat
HPRegen  0.00/turn              o - ring of magical power
MPRegen  0.23/turn              Y - ring "Zedghot" {Will+ Str+3}

@: studying Fighting, very slow
A: claws 1, cold resistance 1, negative energy resistance 3, inhibited
regeneration, torment resistance, unbreathing
a: Renounce Religion, Bend Time, Temporal Distortion, Slouch


You were on level 1 of the Swamp.
You worshipped Cheibriados.
Cheibriados was greatly pleased with you.
You visited 5 branches of the dungeon, and saw 24 of its levels.
You also visited: Gauntlet.

You collected 2480 gold pieces.
You spent 2136 gold pieces at shops.

Inventory:

Hand Weapons
 b - a +9 fustibalus of freezing
Missiles
 d - 11 boomerangs of dispersal
 e - 145 sling bullets
 l - 14 curare-tipped darts
 I - 644 stones (quivered)
 L - 2 throwing nets
Armour
 k - a +0 cloak (worn)
 K - a +0 kite shield (worn)
 Q - a +2 hat of see invisible (worn)
 W - a +2 pair of boots (worn)
 Z - a +1 chain mail of fire resistance (worn)
Magical Staves
 y - an uncursed staff of cold {unknown}
Jewellery
 h - a cursed ring of attention {unknown}
 m - a +4 ring of protection
 o - a ring of magical power (left claw)
 t - an uncursed ring of ice
 P - a +6 ring of dexterity
 X - an amulet of the acrobat (around neck)
 Y - the ring "Zedghot" (right claw) {Will+ Str+3}
   (You bought it in a shop on level 2 of the Orcish Mines)

   [ring of willpower]

   It affects your strength (+3).
   It affects your willpower, your defense against some magical effects.
Wands
 u - a wand of iceblast (16)
 C - a wand of flame (37)
 F - a wand of digging (12)
 G - a wand of paralysis (18)
 J - a wand of polymorph (27)
 N - a wand of acid (3)
 O - a wand of disintegration (10)
Scrolls
 a - a scroll of silence
 i - 10 scrolls of remove curse
 j - 3 scrolls of magic mapping
 p - 8 scrolls of enchant armour
 q - a scroll of torment
 s - 11 scrolls of teleportation
 w - 9 scrolls of amnesia
 A - 3 scrolls of fog
 D - 2 scrolls of fear
 E - a scroll of immolation
 H - 2 scrolls of vulnerability
 R - 6 scrolls of identify
 U - 4 scrolls of enchant weapon
 V - a scroll of brand weapon
Potions
 c - a potion of flight
 f - 4 potions of might
 g - 5 potions of heal wounds
 r - 2 potions of magic
 v - 3 potions of curing
 x - 4 potions of cancellation
 z - 2 potions of brilliance
 S - 2 potions of attraction
 T - 2 potions of mutation
Books
 n - a manual of Fighting


   Skills:
 + Level 13.3 Fighting
 - Level 0.8 Throwing
 - Level 0.8 Armour
 - Level 1.7 Dodging
 * Level 9.9 Shields
 * Level 17.4 Unarmed Combat
 - Level 1.7 Spellcasting
 + Level 9.4 Translocations
 + Level 12.5 Invocations


You had 5 spell levels left.
You knew the following spells:

 Your Spells              Type           Power        Failure   Level
a - Blink                 Tloc           N/A          4%          2
b - Lesser Beckoning      Tloc           17%          10%         3
c - Teleport Other        Tloc           35%          10%         3
d - Passage of Golubria   Tloc           N/A          32%         4

Your spell library contained the following spells:

 Spells                   Type           Power        Failure   Level
 Gell's Gravitas          Tloc           17%          10%         3
 Animate Skeleton         Necr           2%           85%         1
 Corona                   Hex            1%           85%         1
 Foxfire                  Conj/Fire      4%           85%         1
 Magic Dart               Conj           4%           85%         1
 Pain                     Necr           4%           85%         1
 Iskenderun's Mystic Bla  Conj/Tloc      18%          93%         4
 Corpse Rot               Necr/Air       N/A          94%         2
 Ensorcelled Hibernation  Hex/Ice        2%           94%         2
 Searing Ray              Conj           2%           94%         2
 Confusing Touch          Hex            1%           99%         3
 Conjure Flame            Conj/Fire      1%           99%         3
 Dazzling Flash           Conj/Hex       2%           99%         3
 Inner Flame              Hex/Fire       1%           99%         3
 Stone Arrow              Conj/Erth      2%           99%         3
 Tukima's Dance           Hex            1%           99%         3
 Vampiric Draining        Necr           0%           99%         3
 Animate Dead             Necr           0%           100%        4
 Fulminant Prism          Conj/Hex       0%           100%        4
 Petrify                  Tmut/Erth      1%           100%        4
 Sticky Flame             Conj/Fire      1%           100%        4
 Agony                    Necr           1%           100%        5
 Bolt of Magma            Conj/Fire/Erth 0%           100%        5
 Fireball                 Conj/Fire      0%           100%        5
 Iskenderun's Battlesphe  Conj           1%           100%        5
 Metabolic Englaciation   Hex/Ice        0%           100%        5
 Summon Forest            Summ/Tloc      9%           100%        5
 Yara's Violent Unravell  Hex/Tmut       0%           100%        5
 Eringya's Noxious Bog    Tmut/Pois      0%           100%        6
 Iron Shot                Conj/Erth      0%           100%        6
 Orb of Destruction       Conj           0%           100%        7
 Spellforged Servitor     Conj/Summ      0%           100%        7
 Summon Hydra             Summ           0%           100%        7
 Hydra Form               Tmut           Unusable     N/A         6

Dungeon Overview and Level Annotations

Branches:
Dungeon (15/15)            Temple (0/1) D:6            Lair (5/6) D:11
  Swamp (1/4) Lair:2       Spider (1/4) Lair:4          Orc (2/2) D:12
    Elf (0/3) Orc:2        Vaults (0/5) D:13         Depths (0/5) D:15
Gauntlet (visited)
  Slime: Lair:5-6

Altars:
Ashenzari
Cheibriados
Dithmenos
Elyvilon
Fedhas
Hepliaklqana
Makhleb
Nemelex Xobeh
Ru
Sif Muna
Trog
Wu Jian
Xom
Yredelemnul
Zin
Beogh

Shops:
D:6 [(   D:8 ?   D:15 ?!   Orc:2 =!:=}

Portals:
Trove: D:11 (give +6 demon whip)

Annotations:
D:4 3 runed translucent doors, 15bullets's ghost, amateur FoFi; 15bullets's ghost, novice FoFi; Domino's ghost, amateur HaHu
D:8 3 runed translucent doors, exclusions: 3 doors, ice statue and orange crystal statue, iceDog's ghost, novice GnWn
D:13 exclusion: downstairs
D:14 exclusion: obsidian statue
Lair:4 3 runed translucent doors, Fiha's ghost, journeyman VSTm


Innate Abilities, Weirdness & Mutations

You thrive by killing the living.
You are immune to poison.
You have sharp fingernails.
Your flesh is cold resistant. (rC+)
You are immune to negative energy. (rN+++)
You do not regenerate when monsters are visible.
You are immune to unholy pain and torment.
You can survive without breathing.


Message History

Cheibriados thoroughly appreciates the change of pace.
You feel better.
Cheibriados lowers the support of your attributes as your movement quickens.
The spriggan rider shouts!
The alligator puts on a burst of speed!
A spriggan rider comes into view. It is wielding a +0 spear.
The alligator bites you!
* * * LOW HITPOINT WARNING * * *
You block the alligator's attack. The alligator bites you!
* * * LOW HITPOINT WARNING * * *
The alligator tail-slaps you.
* * * LOW HITPOINT WARNING * * *
You step out of the flow of time.
You return to the normal time flow.
You can no longer step out of the flow of time.
Cheibriados lowers the support of your attributes as your movement quickens.
A spriggan rider comes into view. It is wielding a +0 spear.
The spriggan rider shouts! x2
A swamp worm comes into view.
The alligator bites you!!
You die...

♣♣ ..♣..
♣♣♣.♣♣
.≈...
♣.i...♣
≈..>≈w
.i.≈≈≈
≈≈.♣≈.
♣≈≈≈≈
♣≈... ♣...
♣≈.. .).♣♣
..≈.
♣≈≈♣≈≈.≈♣
♣♣[.≈
♣.t@§≈≈≈♣
♣♣.≈≈
♣♣≈≈♣♣≈≈.♣
♣♣...♣♣
♣♣t♣ §.♣
♣♣...≈.♣
♣.. .
♣..≈.≈♣
♣♣≈ .≈≈≈<♣
≈. ♣...[♣
.≈ .≈†≈†♣
..≈
≈≈...≈.♣


You could see 2 alligators, 2 spriggan riders and a swamp worm (wandering).

Vanquished Creatures
  Jorgrun (D:12)
  Rupert (D:14)
  Frances (D:11)
  Gastronok (Lair:2)
  A thorn hunter (Lair:2)
  A dire elephant (D:15)
  Snorg (D:12)
  An ettin (Orc:1)
  Harold (D:8)
  2 vault guards (D:13)
  7 hydras
  2 alligators
  3 centaur warriors
  16 death yaks (Lair:3)
  A tengu warrior (D:13)
  3 two-headed ogres
  9 orc high priests
  Nergalle (D:11)
  3 unseen horrors
  A goliath frog (Swamp:1)
  A spriggan druid (Lair:2)
  2 wizards (D:13)
  Pikel (D:6)
  A deep elf archer (D:13)
  A necromancer (D:13)
  An ugly thing (D:13)
  A deep elf mage (D:15)
  A wolf spider (D:15)
  3 cyclopes
  An orb spider (Spider:1)
  2 manticores
  A will-o-the-wisp (Lair:2)
  3 elephants (Lair:4)
  3 black mambas
  Joseph (D:9)
  2 centaur zombies
  Psyche (D:9)
  2 gargoyles
  2 rime drakes
  5 cane toads
  A demonic crawler (Spider:1)
  3 komodo dragons
  A polar bear (Lair:2)
  A meliai (shapeshifter) (D:13)
  7 blink frogs
  A hornet (D:14)
  5 trolls
  A tyrant leech (Swamp:1)
  3 slime creatures (D:15)
  3 spriggans
  A shadow (D:14)
  25 yaks
  A tarantella (Spider:1)
  2 wyverns
  18 humans (D:13)
  2 wraiths
  6 basilisks
  9 wargs
  Edmund (D:6)
  A soldier ant (D:11)
  2 swamp worms (Swamp:1)
  An acid dragon (shapeshifter) (D:13)
  12 water moccasins
  5 phantoms
  6 sky beasts
  2 ice beasts (D:6)
  18 orc warriors
  13 wolves
  6 ogres
  4 necrophages
  2 lemures (D:5)
  9 centaurs
  10 big kobolds
  17 bullfrogs
  6 scorpions
  5 wights
  3 howler monkeys
  A bullfrog zombie (D:5)
  6 hounds
  4 centaur skeletons
  A jelly (D:7)
  14 orc wizards
  A quasit (D:14)
  35 orc priests
  A bullfrog skeleton (D:12)
  3 iguanas
  Ijyb (D:3)
  8 worker ants
  A hound zombie (D:6)
  A hound skeleton (D:5)
  A worker ant zombie (D:6)
  13 adders
  5 gnolls
  2 howler monkey skeletons
  3 shadow imps
  A white imp (D:6)
  5 ufetubi
  2 oozes
  An adder zombie (D:8)
  An adder skeleton (D:4)
  4 worms
  A dart slug (D:4)
  6 leopard geckos
  75 orcs
  3 ball pythons
  4 bats
  9 giant cockroaches
  6 goblins
  8 hobgoblins
  7 jackals
  3 quokkas
  3 frilled lizards
  2 jackal skeletons
  33 kobolds
  A leopard gecko skeleton (D:5)
  6 rats
587 creatures vanquished.

Vanquished Creatures (others)
  2 bushes (D:14)
  2 foxfires (Swamp:1)
  25 fungi
  51 plants
80 creatures vanquished.

Grand Total: 667 creatures vanquished

Notes
Turn   | Place    | Note
-------+----------+-------------------------------------------
     0 | D:1      | nightchill the Ghoul Warper began the quest for the Orb.
     0 | D:1      | Reached XP level 1. HP: 17/17 MP: 2/2
   118 | D:1      | Reached XP level 2. HP: 25/25 MP: 3/3
   266 | D:1      | Reached skill level 3 in Unarmed Combat
   310 | D:1      | Found a broken altar of Ashenzari.
   538 | D:1      | Reached XP level 3. HP: 30/30 MP: 4/4
   937 | D:1      | You fall into a shaft and drop 1 floor!
  1051 | D:2      | Found a sparkling altar of Nemelex Xobeh.
  1367 | D:2      | Found a faded altar of an unknown god.
  1383 | D:2      | Reached skill level 4 in Unarmed Combat
  1383 | D:2      | Reached XP level 4. HP: 28/38 MP: 5/5
  1695 | D:2      | Found a sacrificial altar of Ru.
  2190 | D:3      | Noticed Ijyb
  2211 | D:3      | Killed Ijyb
  2378 | D:3      | Reached XP level 5. HP: 43/45 MP: 6/6
  2380 | D:3      | Found a snail-covered altar of Cheibriados.
  2384 | D:3      | Became a worshipper of Cheibriados the Contemplative
  2942 | D:3      | Noticed a big kobold
  2943 | D:3      | Noticed a big kobold
  3000 | D:3      | Found a sparkling altar of Nemelex Xobeh.
  3136 | D:3      | Killed a big kobold
  3137 | D:3      | Reached skill level 5 in Unarmed Combat
  3137 | D:3      | Reached skill level 1 in Invocations
  3137 | D:3      | Reached XP level 6. HP: 47/52 MP: 7/7
  3354 | D:3      | Reached * piety under Cheibriados
  3585 | D:4      | Found a runed translucent gate.
  3586 | D:4      | Found a runed translucent gate.
  3586 | D:4      | Found a runed translucent gate.
  3586 | D:4      | Noticed 15bullets's ghost (novice FoFi)
  3586 | D:4      | Noticed Domino's ghost (amateur HaHu)
  3586 | D:4      | Noticed 15bullets's ghost (amateur FoFi)
  3607 | D:4      | Learned a level 2 spell: Blink
  3611 | D:4      | Learned a level 3 spell: Lesser Beckoning
  3717 | D:4      | Reached skill level 6 in Unarmed Combat
  3795 | D:4      | Found a shimmering blue altar of Sif Muna.
  4074 | D:4      | Found an ornate altar of the Wu Jian Council.
  4074 | D:4      | Found a glowing silver altar of Zin.
  4086 | D:4      | Reached XP level 7. HP: 60/60 MP: 8/8
  4094 | D:4      | Found a shimmering altar of Xom.
  4096 | D:4      | Found a burning altar of Makhleb.
  4114 | D:4      | Found a white marble altar of Elyvilon.
  4254 | D:5      | Entered Level 5 of the Dungeon
  4496 | D:5      | Reached ** piety under Cheibriados
  4672 | D:5      | Reached skill level 5 in Fighting
  4732 | D:5      | Reached skill level 7 in Unarmed Combat
  5028 | D:5      | Found a basalt altar of Yredelemnul.
  5436 | D:6      | Found Lasavoj's Antique Armour Emporium.
  5640 | D:6      | Reached XP level 8. HP: 66/69 MP: 9/9
  5766 | D:6      | Reached skill level 8 in Unarmed Combat
  5952 | D:6      | Found Plog's Weapon Boutique.
  6046 | D:6      | Found a staircase to the Ecumenical Temple.
  6562 | D:6      | Noticed Pikel
  6580 | D:6      | Killed Pikel
  6581 | D:6      | Reached skill level 9 in Unarmed Combat
  6581 | D:6      | Reached skill level 5 in Invocations
  6581 | D:6      | Reached XP level 9. HP: 78/78 MP: 10/12
  6648 | D:6      | Noticed Edmund
  6665 | D:6      | Killed Edmund
  6716 | D:6      | Found a hazy altar of Hepliaklqana.
  6717 | D:6      | Found a shadowy altar of Dithmenos.
  6862 | D:6      | Reached *** piety under Cheibriados
  6868 | D:6      | Reached skill level 10 in Unarmed Combat
  7030 | D:7      | Got a fabulously ornate robe
  7333 | D:7      | Found a blossoming altar of Fedhas.
  8839 | D:8      | Found a runed translucent gate.
  8839 | D:8      | Found a runed translucent gate.
  8841 | D:8      | Noticed an orange crystal statue
  8844 | D:8      | Found a runed translucent gate.
  8844 | D:8      | Noticed iceDog's ghost (novice GnWn)
  8846 | D:8      | Noticed a kobold demonologist
  8911 | D:8      | Learned a level 3 spell: Teleport Other
  9041 | D:8      | Noticed Harold
  9062 | D:8      | Killed Harold
  9063 | D:8      | Reached skill level 11 in Unarmed Combat
  9063 | D:8      | Reached XP level 10. HP: 36/88 MP: 14/14
  9304 | D:8      | Reached **** piety under Cheibriados
  9374 | D:8      | Found Weutun's Magic Scroll Shop.
  9382 | D:8      | Identified the +0 robe "Tythrocsi" {rElec Int+2, maybe}
                  | (You found it on level 7 of the Dungeon)
  9565 | D:8      | Noticed an ice statue
  9873 | D:9      | Noticed Psyche
  9889 | D:9      | Killed Psyche
 10532 | D:9      | Noticed Joseph
 10547 | D:9      | Killed Joseph
 10842 | D:9      | Found a bloodstained altar of Trog.
 10932 | D:10     | Entered Level 10 of the Dungeon
 11054 | D:10     | Reached skill level 12 in Unarmed Combat
 11524 | D:10     | Noticed a gargoyle
 11532 | D:10     | Killed a gargoyle
 12094 | D:6      | Bought a +4 fustibalus of freezing for 686 gold pieces
 12410 | D:11     | Reached XP level 11. HP: 91/97 MP: 16/16
 12483 | D:11     | Noticed Nergalle
 12495 | D:11     | Noticed a spectral orc warlord
 12495 | D:11     | Killed Nergalle
 12883 | D:11     | Reached ***** piety under Cheibriados
 12940 | D:11     | Noticed a cyclops
 12956 | D:11     | Killed a cyclops
 13217 | D:11     | Found a staircase to the Lair.
 13470 | D:11     | Found a portal to a secret trove of treasure.
 13538 | Lair:1   | Entered Level 1 of the Lair of Beasts
 13563 | Lair:1   | Reached skill level 13 in Unarmed Combat
 13932 | Lair:1   | Reached skill level 5 in Translocations
 14800 | Lair:2   | Reached skill level 10 in Fighting
 15167 | Lair:2   | Noticed Gastronok
 15190 | Lair:1   | Reached XP level 12. HP: 39/106 MP: 18/18
 15453 | Lair:2   | Killed Gastronok
 15454 | Lair:2   | Reached skill level 14 in Unarmed Combat
 15987 | Lair:2   | Found a staircase to the Swamp.
 16310 | Lair:2   | Reached skill level 1 in Shields
 16594 | Lair:3   | Noticed a six-headed hydra
 16604 | Lair:3   | Killed a six-headed hydra
 16605 | Lair:3   | Reached skill level 10 in Invocations
 16797 | Lair:3   | Noticed a six-headed hydra
 16807 | Lair:3   | Killed a six-headed hydra
 17094 | Lair:3   | Noticed a death yak
 17112 | Lair:3   | Killed a death yak
 17161 | Lair:3   | Noticed a death yak
 17161 | Lair:3   | Noticed a death yak
 17161 | Lair:3   | Noticed a death yak
 17173 | Lair:3   | Noticed a death yak
 17188 | Lair:3   | Killed a death yak
 17195 | Lair:3   | Killed a death yak
 17203 | Lair:3   | Killed a death yak
 17214 | Lair:3   | Killed a death yak
 17637 | Lair:3   | Noticed a death yak
 17637 | Lair:3   | Noticed a death yak
 17637 | Lair:3   | Noticed a death yak
 17638 | Lair:3   | Noticed a death yak
 17643 | Lair:3   | Noticed a death yak
 17652 | Lair:3   | Killed a death yak
 17653 | Lair:3   | Noticed a death yak
 17654 | Lair:3   | Noticed a death yak
 17655 | Lair:3   | Killed a death yak
 17655 | Lair:3   | Noticed a death yak
 17655 | Lair:3   | Noticed a death yak
 17656 | Lair:3   | Reached XP level 13. HP: 105/116 MP: 19/19
 17671 | Lair:3   | Reached skill level 15 in Unarmed Combat
 17693 | Lair:3   | Reached skill level 5 in Shields
 19235 | Lair:4   | Found a runed translucent gate.
 19235 | Lair:4   | Found a runed translucent gate.
 19235 | Lair:4   | Found a runed translucent gate.
 19235 | Lair:4   | Noticed Fiha's ghost (journeyman VSTm)
 19570 | Lair:4   | Found a hole to the Spider Nest.
 19972 | Lair:4   | Learned a level 4 spell: Passage of Golubria
 21159 | D:12     | Found a gate leading to a gauntlet.
 21168 | Gauntlet | Entered a Gauntlet
 21168 | Gauntlet | Found a transporter.
 21168 | Gauntlet | Found a transporter.
 21171 | Gauntlet | Found a transporter.
 21172 | Gauntlet | Found a transporter.
 21175 | Gauntlet | Found a transporter.
 21175 | Gauntlet | Found a transporter.
 21311 | D:12     | Noticed Frances
 21776 | D:12     | Noticed Jorgrun
 21789 | D:12     | Killed Jorgrun
 21790 | D:12     | Reached XP level 14. HP: 125/125 MP: 21/21
 21827 | D:12     | Noticed Snorg
 21847 | D:12     | Killed Snorg
 22461 | D:12     | Found a staircase to the Orcish Mines.
 22518 | D:12     | Found a roughly hewn altar of Beogh.
 22529 | Orc:1    | Entered Level 1 of the Orcish Mines
 22818 | Orc:2    | Entered Level 2 of the Orcish Mines
 23195 | Orc:1    | Reached skill level 16 in Unarmed Combat
 23703 | Orc:2    | Found a staircase to the Elven Halls.
 23853 | Orc:2    | HP: 5/126 [sun demon[an orc high priest] (13)]
 24432 | Orc:2    | Found Bifuiwy's Jewellery Boutique.
 24432 | Orc:2    | Found Joyjulet's Distillery.
 24476 | Orc:2    | Found a roughly hewn altar of Beogh.
 24571 | Orc:2    | Found Yric's Gadget Emporium.
 24847 | Orc:2    | Found Vidar's Book Boutique.
 24863 | Orc:2    | Found Wohauw's Jewellery Emporium.
 25020 | Orc:2    | Bought an uncursed amulet of the acrobat for 480 gold
                  | pieces
 25026 | Orc:2    | Bought the ring "Zedghot" {Will+ Str+3} for 612 gold pieces
 25037 | Orc:2    | Bought a potion of heal wounds for 80 gold pieces
 25208 | D:11     | Killed Frances
 26204 | D:13     | Found a gate to the Vaults.
 27133 | D:14     | Noticed Rupert
 27470 | D:14     | Reached XP level 15. HP: 134/134 MP: 23/23
 27609 | D:14     | Killed Rupert
 28096 | D:14     | Reached skill level 17 in Unarmed Combat
 28693 | D:15     | Entered Level 15 of the Dungeon
 28803 | D:15     | Identified a scroll of acquirement
 28805 | D:15     | Acquired a manual of Fighting
 29433 | D:15     | Found a staircase to the Depths.
 29460 | D:15     | Found Sybiynni's Magic Scroll Shoppe.
 29469 | D:15     | Bought a scroll of teleportation for 48 gold pieces
 29469 | D:15     | Bought a scroll of teleportation for 48 gold pieces
 29774 | D:15     | Found Suirewk's Distillery.
 29782 | D:15     | Bought a potion of cancellation for 112 gold pieces
 29782 | D:15     | Bought a potion of heal wounds for 70 gold pieces
 30298 | Spider:1 | Entered Level 1 of the Spider Nest
 30582 | Swamp:1  | Entered Level 1 of the Swamp
 30828 | Swamp:1  | Noticed a thorn hunter
 31394 | Lair:2   | Killed a thorn hunter
 31593 | Swamp:1  | Slain by an alligator

Illustrated notes

Levels and vault maps discovered:
D:1:      tarquinn_simple_flora_water_e, layout_basic, serial_forest,
          infiniplex_forest_end_2, infiniplex_forest_lined_corner,
          infiniplex_forest_straight_3, infiniplex_forest_end_2,
          minmay_misc_feat_encased, nicolae_ashenzari_panopticon
D:2:      layout_loops_ring, lemuel_round_altar,
          chequers_ecumenical_altar_island, nemelex_xobeh_ov_fountains_minmay
D:3:      cheibrodos_thug_alley, layout_loops_ring,
          nicolae_overflow_crystal_walls, lemuel_crystal_altar, uniq_ijyb
D:4:      layout_loops_ring, chequers_temple_overflow_minitemple,
          nicolae_overflow_hidden_temple, gammafunk_ghost_cemetery
D:5:      layout_basic, lemuel_doored_altar, grunt_ministairs_8,
          chequers_serial_rivers_small_3, roderic_nine_men_s_morris
D:6:      cheibrodos_barr_body, layout_loops_ring,
          riverfiend_overflow_shadow_ancestor, minmay_temple_entry_arrows,
          serial_shops, nicolae_shop_crystal, kennysheep_mini_moat,
          minmay_holes, due_unseen_surprise, uniq_edmund, uniq_pikel
D:7:      layout_loops_cross, fedhas_altar_1
D:8:      minmay_separated_statues, layout_cave_pools, serial_shops, shop,
          gammafunk_ghost_nasty_kobolds, uniq_harold
D:9:      layout_loops_ring, bloody_trog, uniq_psyche, uniq_joseph
D:10:     layout_basic
D:11:     layout_basic, grunt_lair_entry_orc_guard_hut, enter_trove_3,
          uniq_nergalle
D:12:     layout_basic, minmay_orc_entry_temple_small, gauntlet_entry_generic,
          uniq_snorg, uniq_jorgrun, uniq_frances
D:13:     layout_cave_pods, grunt_vaults_entry_tiered
D:14:     kennysheep_kobold_grotto, layout_loops_corners,
          hangedman_decor_opposing, uniq_rupert
D:15:     hangedman_depths_entry_try_elsewhere_first, layout_long_grid,
          serial_shops, shop, shop, hangedman_abyss_or_decor_stabs
Lair:1:   layout_concentric_octagons, minivault_11, fungi_pond_lemuel
Lair:2:   layout_roguey, swamp_mist_pool, uniq_gastronok
Lair:3:   layout_regular_city, beast_lair_carwin_3
Lair:4:   layout_long_grid, nicolae_spider_entry_non_spiders,
          gammafunk_ghost_necromancy, grunt_megastairs_5
Lair:5:   layout_small_grid
Swamp:1:  layout_falls_marsh, serial_swamp_ruin, evilmike_swamp_ruin_house_4,
          evilmike_swamp_ruin_rubble_1, uniq_aizul
Spider:1: layout_spider_delve, uniq_nikola
Orc:1:    layout_caves
Orc:2:    st_orc_town, layout_diamond_mine, serial_shops, shop_statue,
          lightli_orcish_oven

Skill      XL: |  1  2  3  4  5  6  7  8  9 10 11 12 13 14 15 |
---------------+----------------------------------------------+-----
Unarmed Combat | 3 4 5 6 7 9 11 12 13 14 15 16 17 | 17.4
Fighting       | 3 4 5 6 8 9 10 11 12 13 | 13.3
Invocations    | 1 2 3 5 7 8 9 10 11 12 | 12.5
Translocations | 4 5 6 7 8 9 |  9.4
Shields        | 4 6 8 9 |  9.9
Throwing       | |  0.8
Armour         | |  0.8
Dodging        | |  1.7
Spellcasting   | |  1.7

Action                   |  1- 3 |  4- 6 |  7- 9 | 10-12 | 13-15 || total
-------------------------+-------+-------+-------+-------+-------++-------
Melee: Unarmed           |   138 |   232 |   326 |   462 |   872 ||  2030
       Punch             |     2 |     4 |     1 |     1 |       ||     8
 Fire: Fustibalus        |       |       |       |    73 |    97 ||   170
 Cast: Teleport Other    |       |       |       |     5 |     1 ||     6
       Lesser Beckoning  |       |       |       |     1 |     3 ||     4
       Blink             |       |       |       |       |     1 ||     1
Invok: Bend Time         |       |       |     3 |    22 |    21 ||    46
       Slouch            |       |       |       |     1 |    11 ||    12
       Step From Time    |       |       |       |       |     2 ||     2
Evoke: Wand              |       |       |     1 |       |     4 ||     5
  Use: Potion            |       |     1 |       |     3 |     3 ||     7
       Scroll            |       |       |     8 |    16 |    16 ||    40
Armor: Leather armour    |    26 |       |       |       |       ||    26
       Plate armour      |    29 |   152 |    58 |       |       ||   239
       Chain mail        |       |       |    54 |    12 |   136 ||   202
       Scale mail        |       |       |       |   123 |   120 ||   243
Dodge: Dodged            |    88 |    40 |    85 |   128 |   297 ||   638
Block: Buckler           |       |       |    44 |       |       ||    44
       Kite shield       |       |       |       |   157 |   514 ||   671
